AoeStats
← Bugsibär

Arabia

508892789Analyzed
1v1 RM · 8d ago on Sep 24, 2026· 43m 8s· 2 players
Game mode
Random Map
Map size
Tiny (2 player)
Population
200
Speed
Normal
Resources
Standard
Victory
Conquest
Starting age
Dark Age
Ending age
Imperial Age
RankedLock teamsTeams togetherTeam positionsShared explorationLock speedFull tech treeHidden civsTurbo modeCheats
Victory
Defeat
🇹🇼 Bohemians · Taiwan
1715
+19
🇩🇪 Lithuanians · Germany
1779
-19
zzzz123
6:45 Loom
9:24 Feudal Age
9:52 Double-Bit Axe
15:27 Fletching
16:39 Horse Collar
18:23 Padded Archer Armor
19:24 Wheelbarrow
22:35 Castle Age
23:11 Bodkin Arrow
23:28 Bow Saw
24:44 Elite Skirmisher
25:32 Town Watch
28:40 Husbandry
29:54 Ballistics
32:05 Heavy Plow
37:26 Imperial Age
36:14 Leather Archer Armor
39:51 Imperial Age
37:53 Pikeman
40:54 Bracer
42:06 Chemistry
Bugsibär
6:01 Loom
8:12 Feudal Age
10:14 Double-Bit Axe
13:40 Fletching
23:19 Castle Age
21:19 Horse Collar
22:26 Scale Barding Armor
23:01 Forging
23:18 Bloodlines
23:42 Light Cavalry
24:47 Bow Saw
33:21 Stone Mining
33:45 Husbandry
36:03 Wheelbarrow
37:16 Chain Barding Armor
41:02 Imperial Age
39:15 Bodkin Arrow
39:20 Padded Archer Armor
39:58 Elite Skirmisher
40:53 Leather Archer Armor
41:47 Bracer
42:17 Ring Archer Armor
43:11 Scale Mail Armor
Connection lost

Rejoining the realm…

Still unreachable

The connection could not be restored.

Session expired

The server has moved on; the page needs a fresh start.